Cogmind - Beta 14 @@@ ROGUE MODE // 2024.10.19 @ 15:09:06 Player: Kai Result: Destroyed by as-18322 with Assembled Rifle Performance ------------- Evolutions (0) 0 Regions Visited (2) 400 Robots Destroyed (25) 125 Value Destroyed (608) 608 Prototype IDs (0) 0 Alien Tech Used (0) 0 Bonus (120) 120 TOTAL SCORE: 1253 Bonus ------- Follower Combat Kills 120 Cogmind --------- Core Integrity 0/250 Matter 247/300 Energy 195/250 System Corruption 0% Temperature Cool (0) Movement Core (750) Ox14 Location -10/Mines Parts ------- > --- POWER (1) -------- Ion Engine > --- PROPULSION (2) --- (None) > --- UTILITY (2) ------ High-capacity Storage Unit Salvage Targeting Computer > --- WEAPON (2) ------- (None) > --- INVENTORY (20) --- Light Nuclear Core Aluminum Leg Small Storage Unit Large Battery (200) Small Matter Pod (50) Compact Matter Pod (150) Structural Scanner Sensor Array Experimental Sensor Array Signal Interpreter Targeting Computer Small Laser Assault Rifle Light Assault Rifle Shotgun Peak State ------------ > --- POWER ------------ Ion Engine > --- PROPULSION ------- Light Treads Light Treads > --- UTILITY ---------- High-capacity Storage Unit Salvage Targeting Computer > --- WEAPON ----------- Shotgun Grenade Launcher > --- INVENTORY -------- Ion Engine Light Nuclear Core Light Treads Light Treads Light Treads Aluminum Leg Small Storage Unit Large Battery Small Matter Pod Compact Matter Pod Structural Scanner Sensor Array Experimental Sensor Array Signal Interpreter Targeting Computer Small Laser Assault Rifle Light Assault Rifle Shotgun Grenade Launcher [Rating: 12] Favorites ----------- Power Ion Engine Engine Ion Engine Propulsion Light Treads Treads Light Treads Utility High-capacity Storage Unit Storage High-capacity Storage Unit Processor Salvage Targeting Computer Weapon Assault Rifle Energy Gun Small Laser Ballistic Gun Assault Rifle Launcher Grenade Launcher Build | -11 -10 -10 ------- Run | Yrd Mat Min Slots Evolved . | . . . Power . | . . . Propulsion . | . . . Utility . | . . . Weapon . | . . . Parts Attached 28 | 7 13 8 Power 3 | 1 . 2 Engine 3 | 1 . 2 Core . | . . . Reactor . | . . . Propulsion 10 | 2 5 3 Treads 10 | 2 5 3 Leg . | . . . Wheel . | . . . Hover . | . . . Flight . | . . . Utility 5 | 2 3 . Device . | . . . Storage 4 | 2 2 . Processor 1 | . 1 . Hackware . | . . . Protection . | . . . Artifact . | . . . Weapon 10 | 2 5 3 Energy Gun 1 | 1 . . Energy Cannon . | . . . Ballistic Gun 6 | 1 4 1 Ballistic Cannon . | . . . Launcher 3 | . 1 2 Special Weapon . | . . . Impact Weapon . | . . . Slashing Weapon . | . . . Piercing Weapon . | . . . Special Melee Weapon . | . . . Unidentified Prototypes . | . . . Parts Lost 10 | . . 10 Power 2 | . . 2 Propulsion 5 | . . 5 Utility . | . . . Weapon 3 | . . 3 Highest Loss Streak 9 | . . 9 To Critical Strikes . | . . . Average Slot Usage (%) 98 | . 98 99 Engine 14 | . 14 14 Treads 27 | . 27 27 Storage 14 | . 14 14 Processor 12 | . 11 14 Energy Gun 1 | . 2 . Ballistic Gun 25 | . 23 27 Launcher 1 | . 2 . Peak Build Rating 12 | 7 10 12 Average Rating 9 | 5 8 10 On Entrance 5 | . 7 10 Naked Turns . | . . . Heaviest Build 68 | 18 68 51 Greatest Support 40 | 40 40 40 Greatest Overweight (x) 14 | 2 2 14 Average Overweight (x) . | . . 1 Largest Inventory Capacity 20 | 8 20 20 Average Capacity 19 | 7 18 20 Most Carried 20 | 4 19 20 Average Carried 15 | 2 13 19 Final Capacity 20 | 8 20 20 Final Carried 19 | 4 19 15 Class Distribution -------------------- 100% | Mutant Dominant Class ---------------- Mutant | -10/Materials Mutant | -10/Mines Resources | -11 -10 -10 ----------- Run | Yrd Mat Min Matter Collected 737 | 279 373 85 Remotely . | . . . Salvage Created 957 | 76 553 328 Parts 45 | 2 30 13 Haulers Intercepted 2 | . 2 . Recyclers Shooed 1 | . 1 . Parts Field Recycled . | . . . Retrieved Matter . | . . . Parts Self-Destructed . | . . . Prevented . | . . . Kills | -11 -10 -10 ------- Run | Yrd Mat Min Combat Hostiles Destroyed 20 | . 9 11 Guns 14 | . 8 6 AOE 6 | . 1 5 Classes Destroyed 8 | 1 6 1 Worker 1 | . 1 . Builder 2 | . 2 . Hauler 2 | . 2 . Recycler 2 | 1 1 . Watcher 3 | . 3 . Swarmer 3 | . 3 . Grunt 12 | . 6 6 Assembled 5 | . . 5 Best Kill Streak 6 | 1 6 5 Combat Bots Only 5 | . 3 5 Max Kills in Single Turn 3 | 1 2 3 Gunslinging . | . . . Exploded 3 | . 1 3 Melee . | . . . Uniques/NPCs Destroyed . | . . . Combat | -11 -10 -10 -------- Run | Yrd Mat Min Hostile Shots Fired 137 | . 38 99 Missed 40 | . 10 30 Damage Taken 1466 | . 289 1177 Core 251 | . 28 223 Absorbed by Shields . | . . . Core Remaining (%) 100 | 100 . . Volleys Fired 76 | 4 50 22 Largest 2 | 2 2 2 Hottest 60 | 60 60 53 Shots Fired 150 | 8 98 44 Gun 146 | 8 96 42 Cannon . | . . . Launcher 4 | . 2 2 Special . | . . . Kinetic 119 | 4 73 42 Thermal 27 | 4 23 . Explosive 4 | . 2 2 Electromagnetic . | . . . Robot Hit Streak 11 | 5 8 11 Robot Miss Streak 5 | 1 5 2 Penetration Max . | . . . Secondary Targets 1 | . 1 . Max Gunslinging Chain 1 | . 1 . Shots Hit Robots 87 | 5 50 32 Core Hits 60 | 2 34 24 Critical Kills . | . . . Critical Parts Destroyed . | . . . Critical Strikes . | . . . Melee Attacks . | . . . Impact . | . . . Slashing . | . . . Piercing . | . . . Sneak Attacks . | . . . Combat Hostiles . | . . . Follow-up Attacks . | . . . Damage Inflicted 1545 | 77 847 621 Guns 996 | 74 571 351 Cannons . | . . . Explosions 528 | . 275 253 Melee . | . . . Ramming 21 | 3 1 17 Kinetic 855 | 51 453 351 Thermal 141 | 23 118 . Explosive 528 | . 275 253 Electromagnetic . | . . . Impact . | . . . Slashing . | . . . Piercing . | . . . Highest Corruption . | . . . Average Corruption . | . . . Corruption Purged . | . . . Corruption Blocked . | . . . Overload Shots . | . . . Overflow Damage . | . . . Projectiles . | . . . Explosions . | . . . Melee . | . . . Knockbacks . | . . . Impact . | . . . Kinetic . | . . . Secondary . | . . . Self-Inflicted Damage . | . . . Shots . | . . . Rammed 5 | 1 1 3 Targets Rammed 5 | 1 1 3 Kicked . | . . . Crushed . | . . . Highest Temperature 42 | . 42 27 Average Temperature 17 | . 21 10 Received Heat Transfer 341 | . 108 233 Siege Activations . | . . . Robots Corrupted . | . . . Combat Hostiles . | . . . Parts Fried . | . . . Impact Corruptions . | . . . Robots Melted . | . . . Combat Hostiles . | . . . Parts Melted . | . . . Heat Transferred 325 | 50 275 . Parts Sabotaged . | . . . Parts Stolen . | . . . Parts Stripped . | . . . Power Chain Reactions . | . . . Alert | -11 -10 -10 ------- Run | Yrd Mat Min Peak Influence 214 | 5 214 112 Initial 3 | . 3 . Average 49 | 2 55 45 Maximum Alert Level 1 | . 1 . Low Security (%) 97 | 100 95 100 Level 1 2 | . 4 . Level 2 . | . . . Level 3 . | . . . Level 4 . | . . . Level 5 . | . . . High Security . | . . . Max Security . | . . . Squads Dispatched 1 | . 1 . Investigation 1 | . 1 . Extermination . | . . . Reinforcement . | . . . Assault . | . . . Garrison . | . . . Intercept . | . . . Searches Triggered . | . . . Construction Impeded . | . . . Haulers Reinforced . | . . . Active Scanning Responses . | . . . Cargo Convoy Interrupts . | . . . Stealth | -11 -10 -10 --------- Run | Yrd Mat Min Distress Signals 1 | . 1 . Communications Jammed . | . . . Distress Signals . | . . . Times Spotted 47 | . 16 31 Peak Tracking Total 18 | . 3 18 Tactical Retreats . | . . . Traps | -11 -10 -10 ------- Run | Yrd Mat Min Traps Triggered 3 | . 3 . Indirectly . | . . . Trap Hack Attempts . | . . . Triggered . | . . . Disarmed . | . . . Reprogrammed . | . . . Reused . | . . . Traps Extracted . | . . . Installed . | . . . Triggered . | . . . Machines | -11 -10 -10 ---------- Run | Yrd Mat Min Machines Disabled 3 | . 3 . Max in Single Turn 2 | . 2 . Machines Repaired . | . . . Machines Dismantled . | . . . Machines Sabotaged . | . . . Overloaded Fab Kills . | . . . Hacking | -11 -10 -10 --------- Run | Yrd Mat Min Machines Accessed 3 | . 3 . Terminals 3 | . 3 . Fabricators . | . . . Repair Stations . | . . . Recycling Units . | . . . Scanalyzers . | . . . Garrison Access . | . . . Total Hacks 5 | . 5 . Successful 1 | . 1 . Failed 4 | . 4 . Catastrophic 2 | . 2 . Database Lockouts . | . . . Manual 5 | . 5 . Terminals 5 | . 5 . Fabricators . | . . . Repair Stations . | . . . Recycling Units . | . . . Scanalyzers . | . . . Garrison Access . | . . . Terminal Hacks 1 | . 1 . Hauler Manifests 1 | . 1 . Fabricator Hacks . | . . . Repair Station Hacks . | . . . Recycling Unit Hacks . | . . . Scanalyzer . | . . . Garrison Access Hacks . | . . . Unauthorized Hacks . | . . . Terminals . | . . . Fabricators . | . . . Repair Stations . | . . . Recycling Units . | . . . Scanalyzers . | . . . Garrison Access . | . . . Data Cores Recovered . | . . . Used . | . . . Hacking Detections 5 | . 5 . Full Trace Events . | . . . Feedback Events . | . . . Feedback Blocked . | . . . Robot Schematics Acquired . | . . . Robots Built . | . . . Authchips . | . . . Time . | . . . Total Robot Build Rating . | . . . Part Schematics Acquired . | . . . Parts Built . | . . . Authchips . | . . . Time . | . . . Total Part Build Rating . | . . . Parts Repaired . | . . . Time . | . . . Parts Recycled . | . . . Recycled Matter . | . . . Retrieved Matter . | . . . Retrieved Components . | . . . Parts Scanalyzed . | . . . Part Schematics Acquired . | . . . Parts Damaged . | . . . Bothacking | -11 -10 -10 ------------ Run | Yrd Mat Min Used RIF Installer . | . . . Robots Hacked . | . . . Non-combat . | . . . Combat . | . . . Robot Hacks Applied . | . . . Relay Couplers Released . | . . . Fabnet Peak Effective % . | . . . Robots Rewired . | . . . Allies Hacked . | . . . Hacks Repelled . | . . . Allies | -11 -10 -10 -------- Run | Yrd Mat Min Total Allies 2 | . . 2 Largest Group 2 | . . 2 Highest-Rated Group 46 | . . 46 Highest-Rated Ally 31 | . . 31 Total Orders . | . . . Ally Attacks 13 | . . 13 Total Damage 253 | . . 253 Kills 4 | . . 4 Allies Corrupted . | . . . Allies Melted . | . . . Intel | -11 -10 -10 ------- Run | Yrd Mat Min Robot Analysis Total . | . . . Derelict Logs Recovered . | . . . Drone Launches . | . . . Drone Recoveries . | . . . Exploration | -11 -10 -10 ------------- Run | Yrd Mat Min Turns Passed 3490 | 109 1985 1396 Spaces Moved 1380 | 53 790 537 Core 5 | 4 . 1 Treads 1375 | 49 790 536 Legs . | . . . Wheels . | . . . Hover . | . . . Flight . | . . . Fastest Speed 50 | 50 160 240 Average Speed 229 | 154 226 241 Slowest Speed 750 | 160 320 750 Overloaded Moves . | . . . Propulsion Burnouts . | . . . Robots Hopped . | . . . Cave-ins Triggered . | . . . Exploration Rate (%) 61 | 5 98 80 Regions Visited 2 Branch Regions 1 Pre-discovered Areas . | . . . Known Exits Taken . | . . . Unknown Exits Taken 2 | 1 1 . Scrap Searched 1 | . . 1 Spaces Dug . | . . . Terrain Destroyed 38 | . 28 10 Melee . | . . . Projectile . | . . . AOE 38 | . 28 10 Terrain Rammed . | . . . Walls Destroyed . | . . . Machines Disabled . | . . . Actions | -11 -10 -10 --------- Run | Yrd Mat Min Total 1551 | 68 884 599 Wait 40 | . 19 21 Move 1379 | 53 789 537 Hop . | . . . Pick Up 19 | 4 10 5 Fast Attach 12 | 7 5 . Attach 6 | . . 6 Detach . | . . . Swap 10 | . 8 2 Drop 5 | . 2 3 Fire 76 | 4 50 22 Melee . | . . . Ram . | . . . Kick . | . . . Crush 4 | . 1 3 Escape Stasis . | . . . Rewire . | . . . Trap . | . . . Miscellaneous . | . . . Route ------- -11/Scrapyard -10/Materials (discovered 6 exits: [*Mat x3] / [*Min x2] / [*Sub]) -10/Mines (discovered 2 exits: [*Mat x2]) History --------- Turn | Location | Event 9 | -11/Scrapyard | Discovered new exit (range 16) 110 | -11/Scrapyard | Entered Materials 301 | -10/Materials | Build established: Mutant 400 | -10/Materials | Discovered new exit (range 15) 750 | -10/Materials | Discovered new exit (range 12) 1008 | -10/Materials | Discovered new exit (range 7) 1144 | -10/Materials | Discovered new exit (range 16) 1554 | -10/Materials | Discovered new exit (range 7) 1961 | -10/Materials | Discovered new exit (range 15) 2095 | -10/Materials | Entered Mines 3084 | -10/Mines | Discovered new exit (range 9) 3194 | -10/Mines | Found a damaged Exp. Sensor Array with a note attached 3199 | -10/Mines | Found Prototype Device 3272 | -10/Mines | Discovered new exit (range 15) 3448 | -10/Mines | Assembled infested the area 3480 | -10/Mines | Core integrity fell below 50% 3489 | -10/Mines | Core integrity fell below 20% 3491 | -10/Mines | Destroyed by as-18322 with Assembled Rifle Last Messages --------------- 03463_ Grenade Launcher destroyed. 03464_ as-04386 destroyed. 03464_ as-23878 destroyed. 03465_ as-66392 destroyed. 03466_ Grenade Launcher destroyed. 03470_ as-63725 destroyed. 03472_ Lgt. Treads destroyed. 03474_ Ion Engine destroyed. 03476_ Lgt. Treads destroyed. 03477_ Shotgun destroyed. 03478_ D-53 Grenadier shuts down. 03479_ The unstable cave ceiling collapses. 03479_ D-53 Grenadier destroyed. 03480_ as-52202 destroyed. 03480_ as-71009 destroyed. 03480_ as-47077 destroyed. 03480_ as-20894 destroyed. 03481_ D-53 Grenadier destroyed. 03484_ Lgt. Treads destroyed. 03487_ The unstable cave ceiling collapses. Map ----- +----------------------------------------------------+ | | | | | | | | | | | | | | | ?????????????????????????????????????????????????? | | ?????????????????????????????????????????????????? | | ?????????????????????????????????????????????????? | | ?????????????????????????????????????????????????? | | ?????????????????????????????????????????????????? | | ?????????????????????????????????????????????????? | | ?????????????????????????????????#? ?????????????? | | ????????????????????????????????? ???????????? | | ???????????????????????????????? % #??????????? | | ???????????????????????????????? % #??????????? | | ???????????????????????????????#% % ###????????? | | ??????????????????????????????## ?????????? | | ????????????????????#?????????# ??????????? | | ????????????????????# ????????# #???????????? | | ????????????????????# ##???#### ##???????????? | | ??????????? ###### #??# #???????????? | | ??????????# ### % #????????????? | | ???????????# ## a ! ##???????????? | | ????????????# @aaa =%= #???????????? | | ????????????# #### a aa %!= #???????????? | | ???????????????????????## ! ##???????????? | | ????????????????????????## # #???????????? | | ?????????????????????????# ## #???????????? | | ?????????????????????????# ## # a ##??????????? | | ?????????????????????????# ## ##?????????? | | ??????????######?????????# ## # ##????????? | | ?????????## ########??# #### #????????? | | ?????????# [%!=#??# #??# ##???????? | | ????????## #####!#??#*#??# % ##??????? | | ???????## #???#%####%#### * ###????? | | ?????### ##???#=[%=== [ ##???? | | ###### ##????######%! #???? | | ## #??????????#"####### #???? | | ## #???######## ###???# ##??? | | ## ### #???# #???## ##?? | | ?# #### ###???# """ #????### ## #?? | | ?# ### ###???# """ #??????# ### #?? | | #### #?# ##??# """ #??????# #?## ##?? | | ##?# ### ##?# < #??????# #??#####??? | | #?# #?# #??????# ##????????? | | ##?# #?# #??##### ##???????? | | #??##### ##?######## ###?## ## #???????? | | ???????## #?????????# #??## #???????? | +----------------------------------------------------+ Best States ------------- Heat Dissipation 25 Energy Generation 10 Energy Capacity 250 Matter Stores 300 Matter Capacity 300 Sight Range 16 Terrain Scan Density 10 Evasion (%) 40 Recoil Reduction 2 Salvage Targeting 1 Item Schematics ----------------- None Robot Schematics ------------------ None Fabricated ------------ Nothing Alien Tech Used ----------------- None Achievements -------------- None Challenges ------------ None Game ------ Seed ChainMyomerMediator Manual? 0 Play Time 00:15:11 Cumulative 31.3 hours Start 2024.10.19 @ 14:55:20 End 2024.10.19 @ 15:09:06 Sessions 1 Manual Loads 0 Difficulty Rogue Special Mode None Game No. 30 Rogue 30 Adventurer 0 Explorer 0 Win Type - Total 1 Types 1/0/0/0/0/0/0/0/0 Lore% 12 Gallery% 27 Achievement% 27 Wizard Run 0 Options --------- Layout 0 ASCII 0 Keyboard 0 Movement Mouse Keybinds 0 Fullscreen 2 Font 24/Smallcaps Map View 38x28 Zoom Use 96% Tactical HUD 1 Map Filters NONE Filters NONE Steam 1 RUN: 76117431-c75e-485c-aeb9-a378a2e018ff